[ AOE2 MATCH · #477298432 ]
UnrankedPersians vs Slavs
[ REPLAY ANALYSIS · EXTRACTED FROM THE RECORDED GAME ]
Feudal
8:26
Castle
21:01
Imperial
33:26
| APM avg | 50.8 |
| APM peak | 87 |
| eAPM avg | 20.2 |
| Villagers / military | 160 / 194 |
Focus
⚔️ 27.0% · 🌾 73.0%
Knight ×126 · Camel Scout ×51 · Scout Cavalry ×14 · Trade Cart ×10 · Trebuchet (Packed) ×3
Feudal
9:05
Castle
23:03
Imperial
38:33
| APM avg | 41.1 |
| APM peak | 75 |
| eAPM avg | 20.4 |
| Villagers / military | 122 / 238 |
Focus
⚔️ 28.2% · 🌾 71.8%
Scout Cavalry ×165 · Knight ×37 · Mangonel ×15 · Archer ×10 · Skirmisher ×6 · Militia ×5
Feudal
10:21
Castle
18:14
Imperial
39:25
| APM avg | 45.7 |
| APM peak | 86 |
| eAPM avg | 22.0 |
| Villagers / military | 132 / 93 |
Focus
⚔️ 25.6% · 🌾 74.4%
Spearman ×61 · Iron Pagoda ×26 · Bombard Cannon ×4 · Monk ×1 · Battering Ram ×1
Feudal
8:59
Castle
22:39
Imperial
39:13
| APM avg | 42.9 |
| APM peak | 72 |
| eAPM avg | 19.9 |
| Villagers / military | 121 / 281 |
Focus
⚔️ 42.1% · 🌾 57.9%
Scout Cavalry ×107 · Knight ×84 · Camel Scout ×71 · Monk ×13 · Battering Ram ×5 · Mangonel ×1
Feudal
9:25
Castle
23:36
Imperial
38:31
| APM avg | 37.3 |
| APM peak | 84 |
| eAPM avg | 20.8 |
| Villagers / military | 157 / 256 |
Focus
⚔️ 55.1% · 🌾 44.9%
Archer ×252 · Trade Cart ×12 · Bombard Cannon ×3 · Trebuchet (Packed) ×1
Feudal
11:23
Castle
15:03
Imperial
34:01
| APM avg | 30.4 |
| APM peak | 52 |
| eAPM avg | 20.1 |
| Villagers / military | 188 / 405 |
Focus
⚔️ 48.5% · 🌾 51.5%
Spearman ×226 · Skirmisher ×116 · Hussite Wagon ×40 · Bombard Cannon ×10 · Trebuchet (Packed) ×10 · Mangonel ×2
Feudal
9:51
Castle
20:14
Imperial
40:08
| APM avg | 35.2 |
| APM peak | 67 |
| eAPM avg | 23.2 |
| Villagers / military | 200 / 306 |
Focus
⚔️ 35.6% · 🌾 64.4%
Knight ×292 · Trade Cart ×23 · Scout Cavalry ×7 · Trebuchet (Packed) ×6 · Monk ×1
Feudal
10:08
Castle
16:19
Imperial
46:40
| APM avg | 52.6 |
| APM peak | 90 |
| eAPM avg | 21.4 |
| Villagers / military | 142 / 107 |
Focus
⚔️ 43.7% · 🌾 56.3%
Cavalry Archer ×102 · Archer ×3 · Scout Cavalry ×2
Match map
Initial resources + every placement click. Lines = walls · curves = elevation contours. ◆ gold · ⬟ stone · ● berries · ✦ relic · ◌ wall gap
Your base· ✓ Closed at 21:01 · 0t walls · 2 gate(s)
twitch.tv/sir_baron55's base· ✓ Closed at 23:03 · 1t walls · 3 gate(s)
•KДЯŦΣЯ•Σ§3•'s base· ✓ Closed at 18:14 · 8t walls · 3 gate(s)
Meesh's base· ✓ Closed at 22:39 · 0t walls · 3 gate(s)
German3333's base· ✓ Closed at 23:36 · 0t walls · 3 gate(s)
PositivePessimist's base· ✓ Closed at 15:03 · 0t walls · 2 gate(s)
¿¿'s base· ✓ Closed at 20:14 · 0t walls · 3 gate(s)
Perunatykki's base· ✓ Closed at 16:19 · 18t walls · 3 gate(s)
Smoothed initial terrain · ◌ = detected wall gap · hover for details
Inputs per minute
— audi_225 - - twitch.tv/sir_baron55
Build order — audi_225
First 150 of 490 actions detected
| 0:00 | Create | Villager (Male) |
| 0:01 | Create | Villager (Male) |
| 0:02 | Build | House |
| 0:04 | Build | House |
| 0:05 | Create | Villager (Male) |
| 0:13 | Create | Villager (Male) |
| 0:13 | Create | Villager (Male) |
| 1:23 | Create | Villager (Male) |
| 2:05 | Create | Villager (Male) |
| 2:13 | Build | Lumber Camp |
| 2:28 | Create | Villager (Male) |
| 3:03 | Create | Villager (Male) |
| 3:17 | Create | Villager (Male) |
| 3:30 | Create | Villager (Male) |
| 3:43 | Build | House |
| 4:17 | Create | Villager (Male) |
| 4:22 | Create | Villager (Male) |
| 4:49 | Create | Villager (Male) |
| 4:59 | Build | Mill |
| 5:18 | Research | Loom |
| 5:26 | Create | Villager (Male) |
| 5:26 | Research | Loom |
| 6:22 | Research | Feudal Age |
| 6:57 | Build | Barracks |
| 7:30 | Build | House |
| 7:55 | Create | Villager (Male) |
| 8:26 | Age | Feudal Age |
| 8:29 | Build | Stable |
| 8:38 | Research | Double-Bit Axe |
| 8:46 | Create | Villager (Male) |
| 9:06 | Build | House |
| 9:08 | Create | Villager (Male) |
| 9:13 | Create | Scout Cavalry |
| 9:13 | Create | Scout Cavalry |
| 9:22 | Create | Villager (Male) |
| 9:40 | Build | Farm |
| 9:41 | Create | Scout Cavalry |
| 9:47 | Build | House |
| 9:49 | Create | Villager (Male) |
| 10:03 | Build | Farm |
| 10:04 | Research | Horse Collar |
| 10:21 | Create | Villager (Male) |
| 10:25 | Build | Farm |
| 10:32 | Build | Farm |
| 10:37 | Create | Scout Cavalry |
| 10:41 | Build | Farm |
| 10:48 | Create | Villager (Male) |
| 11:03 | Build | Farm |
| 11:12 | Build | House |
| 11:13 | Build | House |
| 11:17 | Create | Villager (Male) |
| 11:32 | Create | Villager (Male) |
| 11:40 | Create | Villager (Male) |
| 11:50 | Create | Villager (Male) |
| 11:58 | Create | Villager (Male) |
| 11:58 | Create | Villager (Male) |
| 12:00 | Build | Farm |
| 12:01 | Build | Farm |
| 12:03 | Create | Scout Cavalry |
| 12:19 | Create | Villager (Male) |
| 12:24 | Build | Farm |
| 12:26 | Build | Farm |
| 12:28 | Create | Villager (Male) |
| 12:37 | Create | Scout Cavalry |
| 12:40 | Build | Farm |
| 12:59 | Build | Farm |
| 13:08 | Create | Scout Cavalry |
| 13:09 | Create | Villager (Male) |
| 13:23 | Build | Farm |
| 13:33 | Create | Villager (Male) |
| 13:42 | Build | Farm |
| 13:54 | Create | Scout Cavalry |
| 14:09 | Build | Stable |
| 14:16 | Create | Villager (Male) |
| 14:17 | Create | Scout Cavalry |
| 14:21 | Build | Farm |
| 14:28 | Create | Scout Cavalry |
| 14:29 | Create | Villager (Male) |
| 15:00 | Create | Villager (Male) |
| 15:04 | Build | House |
| 15:04 | Create | Scout Cavalry |
| 15:06 | Create | Scout Cavalry |
| 15:08 | Build | Blacksmith |
| 15:12 | Build | Farm |
| 15:24 | Create | Villager (Male) |
| 15:29 | Build | House |
| 15:30 | Build | House |
| 15:38 | Build | Mining Camp |
| 15:44 | Build | House |
| 15:55 | Research | Wheelbarrow |
| 16:00 | Build | House |
| 16:07 | Create | Scout Cavalry |
| 16:08 | Create | Scout Cavalry |
| 16:12 | Build | House |
| 16:33 | Build | Farm |
| 17:05 | Create | Villager (Male) |
| 17:08 | Build | Farm |
| 17:10 | Build | Farm |
| 17:30 | Build | Market |
| 17:35 | Create | Villager (Male) |
| 17:57 | Create | Villager (Male) |
| 18:35 | Research | Castle Age |
| 18:47 | Build | Stable |
| 19:15 | Research | Bloodlines |
| 19:26 | Build | Farm |
| 19:36 | Build | Farm |
| 19:40 | Build | Farm |
| 19:43 | Research | Scale Barding Armor |
| 19:58 | Research | Forging |
| 20:36 | Build | House |
| 20:39 | Build | Farm |
| 21:01 | Age | Castle Age |
| 21:01 | Research | Light Cavalry (upgrade) |
| 21:04 | Create | Knight |
| 21:04 | Create | Knight |
| 21:04 | Create | Knight |
| 21:09 | Create | Villager (Male) |
| 21:24 | Create | Knight |
| 21:24 | Create | Knight |
| 21:35 | Build | Town Center |
| 21:44 | Create | Villager (Male) |
| 21:48 | Research | Bow Saw |
| 21:53 | Create | Knight |
| 21:55 | Create | Knight |
| 22:02 | Create | Villager (Male) |
| 22:32 | Create | Villager (Male) |
| 22:42 | Research | Chain Barding Armor |
| 22:51 | Create | Villager (Male) |
| 22:55 | Create | Villager (Male) |
| 22:59 | Create | Knight |
| 23:11 | Create | Villager (Male) |
| 23:20 | Create | Knight |
| 23:20 | Create | Knight |
| 23:26 | Create | Villager (Male) |
| 23:43 | Create | Villager (Male) |
| 23:52 | Create | Villager (Male) |
| 23:58 | Create | Knight |
| 24:09 | Create | Villager (Male) |
| 24:15 | Create | Knight |
| 24:15 | Create | Knight |
| 24:24 | Create | Villager (Male) |
| 24:30 | Create | Villager (Male) |
| 24:41 | Create | Knight |
| 24:50 | Create | Villager (Male) |
| 24:59 | Create | Villager (Male) |
| 25:08 | Create | Villager (Male) |
| 25:13 | Create | Villager (Male) |
| 25:16 | Create | Knight |
| 25:16 | Create | Knight |
| 25:25 | Create | Villager (Male) |
Build order — twitch.tv/sir_baron55
First 150 of 416 actions detected
| 0:02 | Create | Villager (Male) |
| 0:02 | Create | Villager (Male) |
| 0:03 | Build | House |
| 0:04 | Build | House |
| 0:18 | Create | Villager (Male) |
| 0:26 | Create | Villager (Male) |
| 0:26 | Create | Villager (Male) |
| 1:17 | Create | Villager (Male) |
| 1:17 | Create | Villager (Male) |
| 1:59 | Create | Villager (Male) |
| 2:08 | Create | Villager (Male) |
| 2:08 | Create | Villager (Male) |
| 2:11 | Build | Lumber Camp |
| 2:53 | Create | Villager (Male) |
| 2:53 | Create | Villager (Male) |
| 3:15 | Create | Villager (Male) |
| 3:34 | Create | Villager (Male) |
| 3:52 | Build | House |
| 3:52 | Build | House |
| 4:03 | Create | Villager (Male) |
| 4:03 | Create | Villager (Male) |
| 4:34 | Create | Villager (Male) |
| 4:34 | Create | Villager (Male) |
| 4:55 | Create | Villager (Male) |
| 4:59 | Create | Villager (Male) |
| 5:17 | Build | Barracks |
| 6:18 | Research | Loom |
| 6:19 | Create | Villager (Male) |
| 6:55 | Research | Feudal Age |
| 6:56 | Research | Feudal Age |
| 7:01 | Build | Mining Camp |
| 7:32 | Build | House |
| 7:33 | Create | Militia ×2 |
| 7:34 | Create | Militia ×2 |
| 7:42 | Create | Militia |
| 8:43 | Build | Mill |
| 8:44 | Create | Villager (Male) |
| 9:05 | Age | Feudal Age |
| 9:12 | Research | Man-at-Arms (upgrade) |
| 9:35 | Create | Villager (Male) |
| 9:38 | Build | Archery Range |
| 9:56 | Create | Villager (Male) |
| 10:20 | Create | Villager (Male) |
| 10:25 | Build | Farm |
| 10:28 | Build | Farm |
| 10:39 | Create | Archer |
| 10:42 | Create | Villager (Male) |
| 11:10 | Create | Villager (Male) |
| 11:14 | Create | Archer |
| 11:21 | Build | Farm |
| 11:40 | Create | Archer |
| 11:46 | Create | Villager (Male) |
| 11:56 | Create | Villager (Male) |
| 12:03 | Build | Farm |
| 12:14 | Create | Villager (Male) |
| 12:22 | Create | Archer |
| 12:27 | Build | Blacksmith |
| 12:40 | Build | Farm |
| 13:04 | Create | Villager (Male) |
| 13:06 | Create | Archer |
| 13:06 | Create | Archer |
| 13:20 | Research | Fletching |
| 13:22 | Create | Villager (Male) |
| 13:24 | Build | Farm |
| 13:36 | Create | Villager (Male) |
| 13:50 | Build | House |
| 13:51 | Build | House |
| 13:56 | Research | Town Watch |
| 14:14 | Create | Archer |
| 14:16 | Create | Villager (Male) |
| 14:21 | Research | Horse Collar |
| 14:42 | Build | House |
| 14:43 | Build | House |
| 14:47 | Create | Villager (Male) |
| 15:04 | Create | Villager (Male) |
| 15:15 | Create | Villager (Male) |
| 15:16 | Create | Archer |
| 15:17 | Create | Archer |
| 15:41 | Build | Farm |
| 15:58 | Research | Double-Bit Axe |
| 15:59 | Create | Villager (Male) |
| 16:21 | Create | Villager (Male) |
| 16:36 | Create | Villager (Male) |
| 16:38 | Build | Archery Range |
| 16:44 | Create | Skirmisher |
| 16:44 | Create | Skirmisher |
| 17:01 | Create | Villager (Male) |
| 17:13 | Create | Villager (Male) |
| 17:18 | Build | Farm |
| 17:19 | Build | Farm |
| 17:20 | Build | Farm |
| 17:24 | Create | Skirmisher |
| 17:24 | Create | Skirmisher |
| 17:37 | Build | House |
| 17:39 | Build | House |
| 17:52 | Create | Skirmisher |
| 17:53 | Create | Skirmisher |
| 18:03 | Build | Palisade Wall |
| 18:09 | Create | Villager (Male) |
| 18:30 | Create | Villager (Male) |
| 19:17 | Create | Villager (Male) |
| 19:18 | Build | Market |
| 19:41 | Build | Lumber Camp |
| 19:48 | Build | House |
| 19:56 | Build | House |
| 20:03 | Build | House |
| 20:06 | Build | House |
| 20:23 | Research | Castle Age |
| 20:40 | Build | Farm |
| 20:40 | Build | Farm |
| 20:40 | Build | Farm |
| 20:40 | Build | Farm |
| 20:41 | Build | Farm |
| 20:45 | Build | House |
| 21:04 | Build | Farm |
| 21:05 | Build | Farm |
| 21:09 | Build | Farm |
| 21:14 | Build | House |
| 21:39 | Build | Stable |
| 21:49 | Build | Stable |
| 22:11 | Research | Scale Barding Armor |
| 22:19 | Build | Lumber Camp |
| 22:22 | Build | Farm |
| 22:23 | Build | Farm |
| 22:38 | Research | Bloodlines |
| 22:53 | Build | Farm |
| 23:03 | Age | Castle Age |
| 23:05 | Create | Knight |
| 23:05 | Create | Knight |
| 23:09 | Research | Chain Barding Armor |
| 23:10 | Create | Villager (Male) |
| 23:17 | Build | Farm |
| 23:18 | Build | Farm |
| 23:28 | Create | Knight |
| 23:28 | Create | Knight |
| 23:32 | Create | Villager (Male) |
| 23:35 | Build | Farm |
| 23:37 | Build | Farm |
| 23:58 | Create | Knight |
| 23:59 | Create | Knight |
| 23:59 | Create | Knight |
| 24:15 | Create | Villager (Male) |
| 24:15 | Create | Villager (Male) |
| 24:19 | Build | Town Center |
| 24:25 | Create | Knight |
| 24:31 | Create | Villager (Male) |
| 24:35 | Build | Farm |
| 25:11 | Create | Knight |
| 25:31 | Create | Villager (Male) |
| 25:33 | Create | Villager (Male) |
Build order — •KДЯŦΣЯ•Σ§3•
First 150 of 408 actions detected
| 0:02 | Create | Villager (Male) |
| 0:02 | Create | Villager (Male) |
| 0:03 | Create | Villager (Male) |
| 0:04 | Build | House |
| 0:05 | Build | House |
| 0:11 | Build | House |
| 0:31 | Create | Villager (Male) |
| 1:30 | Create | Villager (Male) |
| 1:40 | Build | Lumber Camp |
| 2:14 | Create | Villager (Male) |
| 2:39 | Create | Villager (Male) |
| 2:39 | Create | Villager (Male) |
| 3:04 | Create | Villager (Male) |
| 3:35 | Create | Villager (Male) |
| 3:57 | Create | Villager (Male) |
| 4:07 | Create | Villager (Male) |
| 4:44 | Create | Villager (Male) |
| 5:01 | Create | Villager (Male) |
| 5:12 | Create | Villager (Male) |
| 5:27 | Build | House |
| 5:30 | Create | Villager (Male) |
| 6:07 | Create | Villager (Male) |
| 6:27 | Create | Villager (Male) |
| 6:55 | Create | Villager (Male) |
| 7:25 | Build | Mill |
| 7:46 | Create | Villager (Male) |
| 8:00 | Research | Feudal Age |
| 8:16 | Build | Mining Camp |
| 8:21 | Build | Mining Camp |
| 9:28 | Create | Villager (Male) |
| 9:33 | Research | Loom |
| 9:54 | Build | Mining Camp |
| 9:59 | Create | Villager (Male) |
| 10:21 | Age | Feudal Age |
| 10:38 | Build | Watch Tower |
| 10:40 | Create | Villager (Male) |
| 10:52 | Build | Blacksmith |
| 10:56 | Build | Market |
| 11:01 | Build | Farm |
| 11:05 | Build | House |
| 11:12 | Research | Double-Bit Axe |
| 11:56 | Create | Villager (Male) |
| 11:57 | Create | Villager (Male) |
| 12:03 | Build | Farm |
| 12:05 | Build | Farm |
| 12:14 | Build | Palisade Wall |
| 12:15 | Build | Palisade Wall |
| 12:16 | Build | Palisade Wall |
| 12:16 | Build | Palisade Wall |
| 12:17 | Build | Palisade Wall |
| 12:18 | Build | Palisade Wall |
| 12:40 | Build | House |
| 12:46 | Build | Farm |
| 13:09 | Build | Watch Tower |
| 13:18 | Create | Villager (Male) |
| 13:52 | Create | Villager (Male) |
| 13:56 | Build | Farm |
| 13:58 | Create | Villager (Male) |
| 14:46 | Create | Villager (Male) |
| 14:52 | Build | Farm |
| 14:53 | Build | Farm |
| 14:54 | Build | Farm |
| 14:57 | Build | Farm |
| 15:32 | Build | Farm |
| 15:34 | Research | Castle Age |
| 16:07 | Build | Watch Tower |
| 16:33 | Research | Fletching |
| 16:58 | Build | Mining Camp |
| 17:04 | Build | Farm |
| 17:05 | Build | Farm |
| 17:12 | Research | Horse Collar |
| 17:21 | Build | Palisade Wall |
| 17:23 | Build | Palisade Wall |
| 17:45 | Create | Villager (Male) |
| 17:50 | Build | Farm |
| 18:00 | Research | Stone Mining |
| 18:14 | Age | Castle Age |
| 18:19 | Research | Bodkin Arrow |
| 18:33 | Create | Villager (Male) |
| 18:45 | Build | Town Center |
| 18:59 | Build | House |
| 19:04 | Research | Wheelbarrow |
| 19:28 | Build | Siege Workshop |
| 19:32 | Create | Villager (Male) |
| 20:13 | Create | Villager (Male) |
| 20:14 | Create | Villager (Male) |
| 20:24 | Create | Villager (Male) |
| 20:33 | Create | Iron Pagoda |
| 20:39 | Create | Villager (Male) |
| 21:09 | Create | Villager (Male) |
| 21:10 | Create | Villager (Male) |
| 21:15 | Build | Monastery |
| 21:17 | Build | House |
| 21:21 | Create | Villager (Male) |
| 21:52 | Build | Watch Tower |
| 22:18 | Create | Villager (Male) |
| 22:24 | Build | Lumber Camp |
| 22:57 | Create | Villager (Male) |
| 22:57 | Create | Villager (Male) |
| 22:58 | Create | Villager (Male) |
| 23:17 | Create | Villager (Male) |
| 23:21 | Build | Palisade Wall |
| 23:22 | Build | Palisade Wall |
| 23:26 | Build | House |
| 23:26 | Create | Monk |
| 23:33 | Build | House |
| 23:46 | Create | Villager (Male) |
| 23:50 | Build | Palisade Wall |
| 24:06 | Build | Watch Tower |
| 24:11 | Research | Stone Shaft Mining |
| 24:12 | Create | Villager (Male) |
| 24:13 | Create | Villager (Male) |
| 24:17 | Build | House |
| 24:18 | Build | House |
| 24:34 | Build | University |
| 24:47 | Create | Villager (Male) |
| 24:48 | Create | Villager (Male) |
| 24:52 | Research | Bow Saw |
| 25:14 | Build | Palisade Wall |
| 25:16 | Build | Palisade Wall |
| 25:25 | Create | Villager (Male) |
| 25:29 | Build | House |
| 25:41 | Create | Villager (Male) |
| 25:41 | Create | Villager (Male) |
| 25:42 | Create | Villager (Male) |
| 25:42 | Create | Villager (Male) |
| 25:42 | Create | Villager (Male) |
| 25:43 | Create | Villager (Male) |
| 25:49 | Build | House |
| 26:03 | Create | Villager (Male) |
| 26:16 | Build | Palisade Wall |
| 26:18 | Build | Palisade Wall |
| 26:20 | Build | Palisade Wall |
| 26:24 | Research | Ballistics |
| 26:29 | Create | Villager (Male) |
| 26:30 | Create | Villager (Male) |
| 26:39 | Create | Villager (Male) |
| 26:46 | Create | Iron Pagoda |
| 27:01 | Build | Palisade Wall |
| 27:03 | Build | Palisade Wall |
| 27:12 | Create | Villager (Male) |
| 27:13 | Create | Villager (Male) |
| 27:13 | Create | Villager (Male) |
| 27:14 | Create | Villager (Male) |
| 27:17 | Build | House |
| 27:26 | Create | Villager (Male) |
| 27:27 | Create | Villager (Male) |
| 27:44 | Build | Castle |
| 27:52 | Create | Villager (Male) |
| 27:53 | Create | Villager (Male) |
Build order — Meesh
First 150 of 382 actions detected
| 0:02 | Create | Villager (Male) ×4 |
| 0:04 | Build | House |
| 0:06 | Build | House |
| 1:38 | Create | Villager (Male) |
| 1:46 | Build | Lumber Camp |
| 1:52 | Create | Villager (Male) |
| 2:16 | Create | Villager (Male) |
| 2:16 | Create | Villager (Male) |
| 2:45 | Create | Villager (Male) |
| 2:48 | Build | House |
| 3:25 | Create | Villager (Male) |
| 4:03 | Create | Villager (Male) |
| 4:03 | Create | Villager (Male) |
| 4:04 | Create | Villager (Male) |
| 4:44 | Create | Villager (Male) |
| 4:44 | Create | Villager (Male) |
| 5:07 | Create | Villager (Male) |
| 5:17 | Create | Villager (Male) |
| 5:21 | Create | Villager (Male) |
| 5:45 | Create | Villager (Male) |
| 6:04 | Build | Mill |
| 6:49 | Research | Feudal Age |
| 7:55 | Build | Barracks |
| 8:17 | Build | House |
| 8:59 | Age | Feudal Age |
| 9:01 | Create | Villager (Male) |
| 9:26 | Build | Stable |
| 9:29 | Create | Villager (Male) |
| 9:33 | Create | Villager (Male) |
| 9:36 | Build | House |
| 9:42 | Create | Villager (Male) |
| 9:52 | Create | Villager (Male) |
| 9:59 | Create | Villager (Male) |
| 10:04 | Create | Villager (Male) |
| 10:12 | Create | Villager (Male) |
| 10:14 | Create | Scout Cavalry |
| 10:15 | Create | Scout Cavalry |
| 10:15 | Create | Scout Cavalry |
| 10:15 | Create | Scout Cavalry |
| 10:15 | Create | Scout Cavalry |
| 10:27 | Create | Villager (Male) |
| 10:56 | Create | Villager (Male) |
| 11:03 | Build | Blacksmith |
| 11:07 | Create | Villager (Male) |
| 11:14 | Create | Villager (Male) |
| 11:25 | Build | House |
| 11:31 | Create | Villager (Male) |
| 11:55 | Create | Villager (Male) |
| 11:58 | Create | Scout Cavalry |
| 11:58 | Create | Scout Cavalry |
| 12:22 | Build | House |
| 12:30 | Create | Villager (Male) |
| 12:33 | Build | Farm |
| 12:33 | Build | Farm |
| 12:33 | Build | Farm |
| 12:33 | Build | Farm |
| 12:34 | Build | Farm |
| 12:34 | Build | Farm |
| 12:46 | Research | Horse Collar |
| 12:48 | Create | Villager (Male) |
| 12:50 | Build | Farm |
| 12:50 | Build | Farm |
| 12:50 | Build | Farm |
| 12:51 | Build | Farm |
| 12:51 | Build | Farm |
| 13:01 | Build | House |
| 13:08 | Build | Farm |
| 13:13 | Build | Farm |
| 13:43 | Build | House |
| 13:44 | Create | Villager (Male) |
| 14:00 | Create | Villager (Male) |
| 14:04 | Build | Farm |
| 14:06 | Build | Farm |
| 14:15 | Create | Villager (Male) |
| 14:22 | Create | Villager (Male) |
| 14:44 | Build | Farm |
| 14:44 | Create | Villager (Male) |
| 14:49 | Create | Scout Cavalry |
| 14:52 | Create | Villager (Male) |
| 14:55 | Build | Farm |
| 14:55 | Build | Farm |
| 15:02 | Create | Villager (Male) |
| 15:31 | Build | Mining Camp |
| 15:37 | Create | Scout Cavalry |
| 15:37 | Create | Scout Cavalry |
| 15:39 | Create | Villager (Male) |
| 15:42 | Create | Villager (Male) |
| 16:20 | Create | Villager (Male) |
| 16:31 | Create | Villager (Male) |
| 16:41 | Create | Villager (Male) |
| 16:53 | Research | Scale Barding Armor |
| 16:54 | Research | Scale Barding Armor |
| 17:05 | Build | Lumber Camp |
| 17:09 | Create | Villager (Male) |
| 17:35 | Create | Villager (Male) |
| 17:48 | Create | Villager (Male) |
| 17:57 | Build | House |
| 17:57 | Build | House |
| 17:58 | Build | House |
| 18:05 | Create | Villager (Male) |
| 18:31 | Build | Market |
| 18:42 | Create | Villager (Male) |
| 18:52 | Build | Farm |
| 18:53 | Build | Farm |
| 18:54 | Create | Villager (Male) |
| 19:34 | Research | Double-Bit Axe |
| 19:59 | Research | Castle Age |
| 19:59 | Research | Castle Age |
| 20:02 | Build | Farm |
| 20:11 | Build | Stable |
| 20:26 | Build | Farm |
| 20:33 | Create | Villager (Male) |
| 20:40 | Build | Stable |
| 20:47 | Research | Bloodlines |
| 21:01 | Research | Gold Mining |
| 21:01 | Research | Gold Mining |
| 21:49 | Research | Forging |
| 22:39 | Age | Castle Age |
| 22:40 | Create | Knight ×5 |
| 22:41 | Create | Knight ×2 |
| 22:41 | Create | Knight ×2 |
| 22:50 | Build | Town Center |
| 22:58 | Build | Lumber Camp |
| 23:03 | Create | Knight ×2 |
| 23:03 | Create | Knight ×2 |
| 23:10 | Create | Villager (Male) |
| 23:14 | Build | Farm |
| 23:15 | Build | Farm |
| 23:19 | Build | Farm |
| 23:22 | Build | Farm |
| 23:23 | Create | Villager (Male) |
| 23:54 | Research | Chain Barding Armor |
| 24:06 | Create | Knight |
| 24:06 | Create | Knight |
| 24:06 | Create | Knight |
| 24:08 | Build | Farm |
| 24:11 | Create | Villager (Male) |
| 24:12 | Create | Villager (Male) |
| 24:20 | Create | Knight |
| 24:25 | Build | Farm |
| 24:26 | Create | Villager (Male) |
| 25:03 | Create | Knight ×3 |
| 25:03 | Create | Knight ×3 |
| 25:13 | Research | Loom |
| 25:20 | Create | Knight |
| 25:24 | Research | Wheelbarrow |
| 25:25 | Research | Wheelbarrow |
| 25:44 | Create | Knight |
| 25:44 | Create | Knight |
| 25:45 | Create | Villager (Male) |
Build order — German3333
First 150 of 409 actions detected
| 0:03 | Build | House |
| 0:04 | Build | House |
| 0:24 | Create | Villager (Male) |
| 0:24 | Create | Villager (Male) |
| 0:25 | Create | Villager (Male) |
| 0:25 | Create | Villager (Male) |
| 0:25 | Create | Villager (Male) |
| 0:25 | Create | Villager (Male) |
| 1:55 | Create | Villager (Male) |
| 1:55 | Create | Villager (Male) |
| 1:56 | Create | Villager (Male) |
| 2:07 | Build | Lumber Camp |
| 2:30 | Create | Villager (Male) |
| 2:48 | Create | Villager (Male) |
| 2:49 | Create | Villager (Male) |
| 3:14 | Create | Villager (Male) |
| 3:40 | Create | Villager (Male) |
| 3:48 | Build | House |
| 4:13 | Create | Villager (Male) |
| 4:27 | Build | Mill |
| 4:33 | Create | Villager (Male) |
| 4:33 | Create | Villager (Male) |
| 4:34 | Create | Villager (Male) |
| 6:00 | Create | Villager (Male) |
| 6:00 | Create | Villager (Male) |
| 6:00 | Create | Villager (Male) |
| 7:07 | Research | Feudal Age |
| 7:24 | Build | Mining Camp |
| 7:34 | Build | House |
| 8:07 | Create | Villager (Male) |
| 8:20 | Build | Barracks |
| 9:25 | Age | Feudal Age |
| 9:27 | Build | Archery Range |
| 9:29 | Create | Villager (Male) |
| 9:33 | Research | Double-Bit Axe |
| 9:53 | Create | Villager (Male) |
| 9:58 | Research | Loom |
| 10:00 | Create | Villager (Male) |
| 10:09 | Create | Archer |
| 10:09 | Create | Archer |
| 10:11 | Create | Villager (Male) |
| 10:13 | Build | House |
| 10:19 | Create | Villager (Male) |
| 10:25 | Create | Archer |
| 10:54 | Build | House |
| 11:08 | Create | Villager (Male) |
| 11:12 | Create | Archer |
| 11:15 | Create | Villager (Male) |
| 11:31 | Build | Archery Range |
| 11:33 | Create | Villager (Male) |
| 11:52 | Create | Archer |
| 12:00 | Create | Villager (Male) |
| 12:21 | Build | House |
| 12:25 | Create | Villager (Male) |
| 12:40 | Create | Archer |
| 12:40 | Create | Archer |
| 12:55 | Build | Blacksmith |
| 13:11 | Create | Archer |
| 13:11 | Create | Archer |
| 13:12 | Create | Villager (Male) |
| 13:15 | Build | House |
| 13:28 | Research | Town Watch |
| 13:39 | Research | Fletching |
| 13:39 | Research | Fletching |
| 13:39 | Research | Fletching |
| 13:43 | Build | Farm |
| 13:52 | Create | Villager (Male) |
| 13:53 | Create | Villager (Male) |
| 13:54 | Create | Archer |
| 13:54 | Create | Archer |
| 14:12 | Build | House |
| 14:29 | Create | Archer |
| 14:29 | Create | Archer |
| 14:36 | Build | Farm |
| 14:36 | Build | Farm |
| 14:36 | Build | Farm |
| 14:36 | Build | Farm |
| 14:36 | Build | Farm |
| 14:42 | Create | Villager (Male) |
| 14:49 | Create | Archer |
| 14:49 | Create | Archer |
| 14:49 | Create | Villager (Male) |
| 14:54 | Build | House |
| 15:01 | Build | Farm |
| 15:08 | Research | Padded Archer Armor |
| 15:08 | Research | Padded Archer Armor |
| 15:09 | Research | Padded Archer Armor |
| 15:15 | Build | Farm |
| 15:24 | Build | House |
| 15:32 | Create | Archer |
| 15:32 | Create | Archer |
| 15:33 | Create | Villager (Male) |
| 15:53 | Create | Villager (Male) |
| 15:55 | Build | Farm |
| 15:58 | Build | Farm |
| 16:00 | Build | House |
| 16:33 | Create | Archer |
| 16:34 | Create | Archer |
| 16:35 | Create | Villager (Male) |
| 16:39 | Build | House |
| 16:41 | Create | Villager (Male) |
| 16:48 | Build | Farm |
| 16:50 | Build | Farm |
| 17:05 | Create | Villager (Male) |
| 17:07 | Build | Farm |
| 17:10 | Build | Farm |
| 17:18 | Create | Archer |
| 17:18 | Create | Archer |
| 17:38 | Build | House |
| 17:39 | Research | Wheelbarrow |
| 17:39 | Research | Wheelbarrow |
| 17:39 | Research | Wheelbarrow |
| 17:57 | Build | Farm |
| 18:11 | Build | House |
| 18:19 | Create | Villager (Male) |
| 18:20 | Create | Archer |
| 18:20 | Create | Archer |
| 18:53 | Build | House |
| 18:59 | Create | Archer |
| 18:59 | Create | Archer |
| 19:49 | Build | House |
| 19:50 | Create | Villager (Male) |
| 19:53 | Create | Villager (Male) |
| 20:27 | Build | House |
| 20:31 | Create | Villager (Male) |
| 20:34 | Build | Farm |
| 20:37 | Build | Farm |
| 20:39 | Build | Farm |
| 20:43 | Research | Castle Age |
| 20:43 | Research | Castle Age |
| 20:53 | Create | Archer |
| 20:53 | Create | Archer |
| 20:58 | Build | Archery Range |
| 21:10 | Research | Horse Collar |
| 21:10 | Research | Horse Collar |
| 21:40 | Research | Gold Mining |
| 21:41 | Research | Gold Mining |
| 21:55 | Create | Villager (Male) |
| 22:05 | Create | Archer |
| 22:06 | Create | Archer |
| 22:18 | Build | House |
| 23:12 | Build | House |
| 23:22 | Create | Archer |
| 23:22 | Create | Archer |
| 23:23 | Create | Archer |
| 23:36 | Age | Castle Age |
| 23:39 | Research | Bodkin Arrow |
| 23:39 | Research | Leather Archer Armor |
| 23:40 | Research | Crossbowman (upgrade) |
| 23:41 | Research | Crossbowman (upgrade) |
Build order — PositivePessimist
First 150 of 425 actions detected
| 0:02 | Build | House |
| 0:02 | Create | Villager (Male) ×4 |
| 0:04 | Build | House |
| 1:41 | Create | Villager (Male) |
| 1:54 | Build | Lumber Camp |
| 2:01 | Create | Villager (Male) |
| 2:36 | Create | Villager (Male) |
| 2:36 | Create | Villager (Male) |
| 3:03 | Create | Villager (Male) |
| 3:03 | Create | Villager (Male) |
| 3:36 | Create | Villager (Male) |
| 4:04 | Create | Villager (Male) |
| 4:04 | Create | Villager (Male) |
| 4:06 | Build | House |
| 4:26 | Create | Villager (Male) |
| 5:25 | Create | Villager (Male) |
| 5:25 | Create | Villager (Male) |
| 5:25 | Create | Villager (Male) |
| 5:26 | Create | Villager (Male) |
| 5:54 | Build | Mill |
| 6:13 | Build | House |
| 6:51 | Create | Villager (Male) |
| 6:51 | Create | Villager (Male) |
| 6:53 | Create | Villager (Male) |
| 6:53 | Create | Villager (Male) |
| 7:08 | Research | Loom |
| 7:09 | Create | Villager (Male) |
| 7:10 | Create | Villager (Male) |
| 7:10 | Create | Villager (Male) |
| 8:00 | Build | Farm |
| 8:10 | Create | Villager (Male) |
| 8:39 | Build | House |
| 8:54 | Research | Feudal Age |
| 9:36 | Build | Farm |
| 9:38 | Build | Farm |
| 9:42 | Build | Farm |
| 9:54 | Build | Mining Camp |
| 10:11 | Create | Villager (Male) |
| 10:12 | Create | Villager (Male) |
| 11:23 | Age | Feudal Age |
| 11:29 | Build | Blacksmith |
| 11:34 | Build | Market |
| 11:48 | Research | Double-Bit Axe |
| 12:02 | Build | Farm |
| 12:23 | Research | Castle Age |
| 12:27 | Build | Farm |
| 13:15 | Build | House |
| 13:16 | Build | House |
| 13:47 | Build | Mining Camp |
| 14:22 | Create | Villager (Male) |
| 14:22 | Create | Villager (Male) |
| 15:03 | Age | Castle Age |
| 15:05 | Build | Town Center |
| 15:22 | Build | Town Center |
| 15:36 | Create | Villager (Male) |
| 16:14 | Create | Villager (Male) |
| 16:25 | Create | Villager (Male) |
| 16:26 | Create | Villager (Male) ×5 |
| 16:32 | Research | Bow Saw |
| 17:11 | Research | Horse Collar |
| 17:23 | Create | Villager (Male) |
| 17:24 | Create | Villager (Male) |
| 17:26 | Create | Villager (Male) |
| 17:26 | Create | Villager (Male) |
| 17:26 | Create | Villager (Male) |
| 17:43 | Create | Villager (Male) |
| 17:44 | Create | Villager (Male) |
| 17:54 | Create | Villager (Male) |
| 17:54 | Create | Villager (Male) |
| 18:16 | Create | Villager (Male) |
| 18:17 | Create | Villager (Male) |
| 18:21 | Build | Farm |
| 18:21 | Build | Farm |
| 18:24 | Build | Farm |
| 18:24 | Build | Farm |
| 18:35 | Build | Castle |
| 18:38 | Build | Mining Camp |
| 18:40 | Create | Villager (Male) |
| 18:40 | Create | Villager (Male) |
| 18:43 | Build | Farm |
| 18:43 | Build | Farm |
| 18:55 | Build | Castle |
| 18:57 | Build | Mining Camp |
| 19:04 | Create | Villager (Male) |
| 19:07 | Build | Farm |
| 19:19 | Build | Farm |
| 19:19 | Build | Farm |
| 19:21 | Build | Farm |
| 19:21 | Build | Farm |
| 19:26 | Create | Villager (Male) |
| 19:33 | Build | Farm |
| 19:38 | Create | Villager (Male) |
| 19:38 | Create | Villager (Male) |
| 19:51 | Create | Villager (Male) |
| 19:51 | Create | Villager (Male) |
| 20:08 | Create | Villager (Male) |
| 20:08 | Create | Villager (Male) |
| 20:08 | Create | Villager (Male) |
| 20:13 | Build | House |
| 20:14 | Build | House |
| 20:14 | Build | House |
| 20:23 | Research | Wheelbarrow |
| 20:27 | Create | Villager (Male) ×2 |
| 20:31 | Create | Hussite Wagon |
| 20:31 | Create | Hussite Wagon |
| 20:41 | Create | Villager (Male) |
| 20:49 | Build | House |
| 20:49 | Build | House |
| 20:52 | Create | Villager (Male) |
| 20:56 | Create | Villager (Male) |
| 21:05 | Create | Hussite Wagon |
| 21:16 | Create | Villager (Male) |
| 21:25 | Create | Villager (Male) |
| 21:40 | Create | Hussite Wagon |
| 21:48 | Create | Villager (Male) |
| 21:52 | Create | Villager (Male) ×3 |
| 21:59 | Build | Castle |
| 22:08 | Create | Villager (Male) ×2 |
| 22:10 | Create | Hussite Wagon |
| 22:10 | Create | Hussite Wagon |
| 23:00 | Create | Villager (Male) ×4 |
| 23:02 | Create | Hussite Wagon |
| 23:02 | Create | Hussite Wagon |
| 23:05 | Build | Barracks |
| 23:20 | Build | Castle |
| 23:25 | Build | Barracks |
| 23:26 | Build | Barracks |
| 23:37 | Create | Villager (Male) ×4 |
| 23:41 | Build | Farm |
| 23:41 | Build | Farm |
| 23:42 | Build | Farm |
| 23:42 | Build | Farm |
| 23:42 | Build | Farm |
| 23:42 | Build | Farm |
| 23:42 | Build | Farm |
| 23:50 | Create | Villager (Male) ×2 |
| 24:11 | Create | Villager (Male) ×2 |
| 24:15 | Build | Town Center |
| 24:22 | Create | Villager (Male) |
| 24:26 | Create | Hussite Wagon |
| 24:26 | Create | Hussite Wagon |
| 24:53 | Create | Villager (Male) ×3 |
| 25:28 | Create | Hussite Wagon |
| 25:28 | Create | Hussite Wagon |
| 25:29 | Create | Villager (Male) ×5 |
| 25:57 | Create | Villager (Male) ×3 |
| 26:03 | Build | Barracks |
| 26:04 | Build | Barracks |
| 26:08 | Create | Villager (Male) ×2 |
| 26:12 | Build | Farm |
Build order — ¿¿
First 150 of 707 actions detected
| 0:01 | Create | Villager (Male) |
| 0:03 | Build | House |
| 0:04 | Build | House |
| 0:13 | Create | Villager (Male) |
| 0:13 | Create | Villager (Male) |
| 0:13 | Create | Villager (Male) |
| 1:29 | Create | Villager (Male) |
| 1:29 | Create | Villager (Male) |
| 1:52 | Build | Lumber Camp |
| 2:01 | Create | Villager (Male) |
| 2:01 | Create | Villager (Male) |
| 2:15 | Create | Villager (Male) |
| 2:15 | Create | Villager (Male) |
| 2:48 | Create | Villager (Male) |
| 3:11 | Create | Villager (Male) |
| 3:11 | Create | Villager (Male) |
| 3:16 | Build | House |
| 3:17 | Build | House |
| 3:41 | Create | Villager (Male) |
| 3:41 | Create | Villager (Male) |
| 3:50 | Create | Villager (Male) |
| 3:50 | Create | Villager (Male) |
| 4:19 | Create | Villager (Male) |
| 4:55 | Create | Villager (Male) |
| 4:55 | Create | Villager (Male) |
| 5:30 | Create | Villager (Male) |
| 5:30 | Create | Villager (Male) |
| 5:31 | Create | Villager (Male) |
| 6:07 | Create | Villager (Male) |
| 6:13 | Build | Mill |
| 6:28 | Build | Barracks |
| 6:47 | Create | Villager (Male) |
| 7:37 | Build | Mining Camp |
| 7:41 | Research | Feudal Age |
| 7:41 | Research | Feudal Age |
| 9:05 | Build | House |
| 9:20 | Create | Villager (Male) |
| 9:23 | Create | Villager (Male) |
| 9:51 | Age | Feudal Age |
| 9:55 | Build | Stable |
| 9:59 | Research | Double-Bit Axe |
| 10:15 | Build | House |
| 10:16 | Build | House |
| 10:23 | Build | Blacksmith |
| 10:36 | Create | Scout Cavalry |
| 10:36 | Create | Scout Cavalry |
| 10:38 | Create | Villager (Male) |
| 10:38 | Create | Villager (Male) |
| 10:59 | Build | Farm |
| 11:03 | Create | Villager (Male) |
| 11:05 | Create | Scout Cavalry |
| 11:20 | Research | Scale Barding Armor |
| 11:28 | Build | Farm |
| 11:34 | Create | Villager (Male) |
| 11:56 | Create | Villager (Male) |
| 12:12 | Create | Villager (Male) |
| 12:13 | Create | Villager (Male) |
| 12:23 | Build | Farm |
| 12:24 | Build | Farm |
| 12:26 | Build | Farm |
| 12:29 | Build | Farm |
| 12:30 | Create | Villager (Male) |
| 12:31 | Create | Villager (Male) |
| 12:33 | Build | Farm |
| 13:18 | Create | Scout Cavalry |
| 13:19 | Create | Scout Cavalry |
| 13:24 | Create | Villager (Male) |
| 13:31 | Build | Farm |
| 13:34 | Build | Farm |
| 13:38 | Build | Farm |
| 13:40 | Build | Farm |
| 13:46 | Build | House |
| 13:47 | Build | House |
| 13:49 | Create | Villager (Male) |
| 13:56 | Create | Scout Cavalry |
| 13:56 | Create | Scout Cavalry |
| 14:08 | Research | Loom |
| 14:10 | Create | Villager (Male) |
| 14:16 | Build | Farm |
| 14:18 | Build | Farm |
| 14:20 | Build | Farm |
| 14:45 | Research | Forging |
| 14:47 | Create | Villager (Male) |
| 14:55 | Build | Farm |
| 15:02 | Build | Farm |
| 15:27 | Research | Wheelbarrow |
| 15:45 | Build | Stable |
| 15:47 | Build | House |
| 15:56 | Build | House |
| 16:00 | Build | House |
| 16:13 | Build | Farm |
| 16:14 | Build | Farm |
| 16:53 | Create | Villager (Male) |
| 17:34 | Research | Castle Age |
| 17:41 | Build | Lumber Camp |
| 17:49 | Build | House |
| 17:51 | Build | House |
| 17:52 | Build | House |
| 17:53 | Build | House |
| 18:06 | Research | Gold Mining |
| 19:30 | Create | Villager (Male) |
| 19:31 | Create | Villager (Male) |
| 20:08 | Create | Villager (Male) |
| 20:08 | Create | Villager (Male) |
| 20:14 | Age | Castle Age |
| 20:18 | Create | Knight |
| 20:18 | Create | Knight |
| 20:19 | Create | Knight |
| 20:19 | Create | Knight |
| 20:33 | Build | Town Center |
| 20:43 | Build | Town Center |
| 20:58 | Create | Knight |
| 20:58 | Create | Knight |
| 21:06 | Create | Knight |
| 21:07 | Create | Knight |
| 21:08 | Create | Villager (Male) |
| 21:10 | Create | Villager (Male) |
| 21:10 | Create | Villager (Male) |
| 21:10 | Create | Villager (Male) |
| 21:12 | Research | Bow Saw |
| 21:27 | Build | Monastery |
| 21:47 | Create | Villager (Male) |
| 21:47 | Create | Villager (Male) |
| 21:48 | Create | Villager (Male) |
| 21:48 | Create | Villager (Male) |
| 22:04 | Build | House |
| 22:06 | Build | House |
| 22:08 | Build | House |
| 22:11 | Create | Villager (Male) |
| 22:11 | Create | Villager (Male) |
| 22:12 | Create | Villager (Male) |
| 22:12 | Create | Villager (Male) |
| 22:13 | Create | Knight |
| 22:14 | Create | Knight |
| 22:32 | Create | Monk |
| 22:36 | Create | Villager (Male) |
| 22:36 | Create | Villager (Male) |
| 22:36 | Create | Villager (Male) |
| 22:36 | Create | Villager (Male) |
| 23:00 | Create | Villager (Male) |
| 23:00 | Create | Villager (Male) |
| 23:00 | Create | Villager (Male) |
| 23:04 | Build | Farm |
| 23:06 | Build | Farm |
| 23:08 | Build | Farm |
| 23:12 | Build | Farm |
| 23:15 | Create | Villager (Male) |
| 23:16 | Create | Villager (Male) |
| 23:16 | Create | Villager (Male) |
| 23:16 | Create | Villager (Male) |
Build order — Perunatykki
First 150 of 360 actions detected
| 0:00 | Create | Villager (Male) |
| 0:01 | Create | Villager (Male) ×3 |
| 1:32 | Create | Villager (Male) |
| 1:48 | Build | Lumber Camp |
| 1:54 | Create | Villager (Male) |
| 2:31 | Create | Villager (Male) |
| 2:31 | Create | Villager (Male) |
| 3:13 | Create | Villager (Male) |
| 3:46 | Create | Villager (Male) ×2 |
| 4:16 | Create | Villager (Male) |
| 4:58 | Create | Villager (Male) |
| 4:58 | Create | Villager (Male) |
| 4:58 | Create | Villager (Male) |
| 5:12 | Build | Mill |
| 5:38 | Create | Villager (Male) |
| 6:35 | Create | Villager (Male) |
| 6:38 | Create | Villager (Male) |
| 6:38 | Create | Villager (Male) |
| 6:47 | Research | Loom |
| 7:07 | Create | Villager (Male) |
| 7:24 | Create | Villager (Male) |
| 7:35 | Build | Mining Camp |
| 7:58 | Research | Feudal Age |
| 7:58 | Research | Feudal Age |
| 8:56 | Build | Barracks |
| 9:40 | Build | Palisade Wall |
| 9:40 | Build | Palisade Wall |
| 9:48 | Build | Palisade Wall |
| 9:49 | Build | Palisade Wall |
| 10:08 | Age | Feudal Age |
| 10:09 | Build | Archery Range |
| 10:15 | Build | Palisade Wall |
| 10:17 | Build | Palisade Wall |
| 10:18 | Build | Palisade Wall |
| 10:20 | Build | Palisade Wall |
| 10:36 | Build | Palisade Wall |
| 10:37 | Build | Palisade Wall |
| 10:38 | Build | Palisade Wall |
| 10:38 | Build | Palisade Wall |
| 10:39 | Build | Palisade Wall |
| 10:40 | Build | Palisade Wall |
| 10:51 | Create | Villager (Male) |
| 11:05 | Build | Watch Tower |
| 11:14 | Build | Palisade Wall |
| 11:15 | Build | Palisade Wall |
| 11:27 | Create | Archer |
| 11:27 | Create | Archer |
| 11:34 | Build | Palisade Wall |
| 11:39 | Build | Palisade Wall |
| 11:40 | Build | Palisade Wall |
| 11:58 | Build | Palisade Wall |
| 12:13 | Create | Archer |
| 12:24 | Create | Villager (Male) |
| 12:24 | Create | Villager (Male) |
| 12:25 | Create | Villager (Male) |
| 12:37 | Build | Blacksmith |
| 12:46 | Research | Double-Bit Axe |
| 12:46 | Research | Horse Collar |
| 13:37 | Research | Castle Age |
| 14:00 | Build | Farm |
| 14:27 | Research | Horse Collar |
| 14:33 | Build | Farm |
| 14:34 | Build | Farm |
| 14:34 | Build | Farm |
| 14:36 | Build | Farm |
| 15:12 | Build | Farm |
| 15:14 | Build | Farm |
| 15:31 | Research | Fletching |
| 15:31 | Research | Fletching |
| 15:42 | Research | Double-Bit Axe |
| 15:46 | Research | Fletching |
| 15:47 | Research | Fletching |
| 16:03 | Build | Farm |
| 16:04 | Build | Farm |
| 16:10 | Build | Farm |
| 16:13 | Build | Farm |
| 16:19 | Age | Castle Age |
| 16:26 | Build | Farm |
| 16:27 | Create | Villager (Male) |
| 16:39 | Create | Villager (Male) |
| 16:42 | Create | Cavalry Archer |
| 17:20 | Create | Cavalry Archer |
| 17:29 | Create | Villager (Male) |
| 17:29 | Create | Villager (Male) |
| 17:30 | Create | Villager (Male) |
| 17:44 | Research | Bow Saw |
| 17:44 | Research | Bow Saw |
| 17:50 | Create | Villager (Male) |
| 18:00 | Build | Farm |
| 18:07 | Create | Cavalry Archer |
| 18:13 | Create | Villager (Male) |
| 18:16 | Create | Cavalry Archer |
| 18:30 | Create | Villager (Male) |
| 19:14 | Build | Market |
| 19:18 | Create | Villager (Male) |
| 19:19 | Create | Villager (Male) |
| 19:26 | Create | Cavalry Archer |
| 19:31 | Research | Bodkin Arrow |
| 20:12 | Create | Cavalry Archer |
| 20:14 | Create | Villager (Male) |
| 20:14 | Create | Villager (Male) |
| 20:15 | Create | Villager (Male) |
| 20:26 | Build | Town Center |
| 20:38 | Create | Cavalry Archer |
| 20:45 | Create | Cavalry Archer |
| 20:50 | Build | Farm |
| 20:53 | Build | Farm |
| 20:57 | Research | Loom |
| 21:01 | Research | Wheelbarrow |
| 21:05 | Create | Cavalry Archer |
| 22:05 | Build | Archery Range |
| 22:07 | Create | Villager (Male) |
| 22:07 | Create | Villager (Male) |
| 22:08 | Create | Villager (Male) |
| 22:11 | Build | Farm |
| 22:17 | Create | Cavalry Archer |
| 22:29 | Build | Palisade Wall |
| 23:07 | Create | Cavalry Archer |
| 23:10 | Create | Cavalry Archer |
| 23:11 | Create | Cavalry Archer |
| 23:17 | Create | Cavalry Archer |
| 23:17 | Create | Cavalry Archer |
| 23:23 | Create | Villager (Male) |
| 23:23 | Create | Villager (Male) |
| 23:44 | Create | Cavalry Archer |
| 23:52 | Build | Palisade Wall |
| 23:53 | Build | Palisade Wall |
| 23:54 | Build | Palisade Wall |
| 23:54 | Build | Palisade Wall |
| 24:00 | Create | Cavalry Archer |
| 24:02 | Create | Villager (Male) ×5 |
| 24:04 | Create | Villager (Male) |
| 24:04 | Create | Villager (Male) |
| 24:07 | Build | Palisade Wall |
| 24:09 | Build | Palisade Wall |
| 24:09 | Build | Palisade Wall |
| 24:10 | Build | Palisade Wall |
| 24:22 | Create | Cavalry Archer ×4 |
| 24:29 | Build | Archery Range |
| 24:39 | Create | Villager (Male) |
| 24:39 | Create | Villager (Male) |
| 24:54 | Build | Palisade Wall |
| 24:55 | Build | Palisade Wall |
| 24:55 | Build | Palisade Wall |
| 24:59 | Build | Palisade Wall |
| 25:14 | Create | Cavalry Archer |
| 25:20 | Build | Stable |
| 25:24 | Build | Farm |
| 25:25 | Build | Farm |
| 25:27 | Build | Farm |
Match timeline
| 5:17 | twitch.tv/sir_baron55 · first_building Barracks |
| 6:28 | ¿¿ · first_building Barracks |
| 6:57 | audi_225 · first_building Barracks |
| 7:55 | Meesh · first_building Barracks |
| 8:20 | German3333 · first_building Barracks |
| 8:26 | audi_225 · age_up feudal |
| 8:29 | audi_225 · first_building Stable |
| 8:56 | Perunatykki · first_building Barracks |
| 8:59 | Meesh · age_up feudal |
| 9:05 | twitch.tv/sir_baron55 · age_up feudal |
| 9:25 | German3333 · age_up feudal |
| 9:26 | Meesh · first_building Stable |
| 9:27 | German3333 · first_building Archery Range |
| 9:38 | twitch.tv/sir_baron55 · first_building Archery Range |
| 9:40 | Perunatykki · wall_segment Palisade Wall x2 |
| 9:40 | Perunatykki · wall_segment Palisade Wall x1 |
| 9:48 | Perunatykki · wall_segment Palisade Wall x1 |
| 9:49 | Perunatykki · wall_segment Palisade Wall x1 |
| 9:51 | ¿¿ · age_up feudal |
| 9:55 | ¿¿ · first_building Stable |
| 10:08 | Perunatykki · age_up feudal |
| 10:09 | Perunatykki · first_building Archery Range |
| 10:15 | Perunatykki · wall_segment Palisade Wall x1 |
| 10:17 | Perunatykki · wall_segment Palisade Wall x1 |
| 10:18 | Perunatykki · wall_segment Palisade Wall x1 |
| 10:20 | Perunatykki · wall_segment Palisade Wall x1 |
| 10:21 | •KДЯŦΣЯ•Σ§3• · age_up feudal |
| 10:36 | Perunatykki · wall_segment Palisade Wall x1 |
| 10:37 | Perunatykki · wall_segment Palisade Wall x1 |
| 10:38 | Perunatykki · wall_segment Palisade Wall x1 |
| 10:38 | Perunatykki · wall_segment Palisade Wall x1 |
| 10:39 | Perunatykki · wall_segment Palisade Wall x1 |
| 10:40 | Perunatykki · wall_segment Palisade Wall x1 |
| 11:14 | Perunatykki · wall_segment Palisade Wall x1 |
| 11:15 | Perunatykki · wall_segment Palisade Wall x1 |
| 11:23 | PositivePessimist · age_up feudal |
| 11:34 | Perunatykki · wall_segment Palisade Wall x1 |
| 11:39 | Perunatykki · wall_segment Palisade Wall x1 |
| 11:40 | Perunatykki · wall_segment Palisade Wall x1 |
| 11:58 | Perunatykki · wall_segment Palisade Wall x1 |
| 12:14 | •KДЯŦΣЯ•Σ§3• · wall_segment Palisade Wall x1 |
| 12:15 | •KДЯŦΣЯ•Σ§3• · wall_segment Palisade Wall x1 |
| 12:16 | •KДЯŦΣЯ•Σ§3• · wall_segment Palisade Wall x1 |
| 12:16 | •KДЯŦΣЯ•Σ§3• · wall_segment Palisade Wall x1 |
| 12:17 | •KДЯŦΣЯ•Σ§3• · wall_segment Palisade Wall x1 |
| 12:18 | •KДЯŦΣЯ•Σ§3• · wall_segment Palisade Wall x1 |
| 12:22 | PositivePessimist · first_market_sell 100 stone |
| 15:03 | PositivePessimist · age_up castle |
| 15:52 | •KДЯŦΣЯ•Σ§3• · first_market_buy 100 stone |
| 16:19 | Perunatykki · age_up castle |
| 17:21 | •KДЯŦΣЯ•Σ§3• · wall_segment Palisade Wall x1 |
| 17:23 | •KДЯŦΣЯ•Σ§3• · wall_segment Palisade Wall x1 |
| 18:03 | twitch.tv/sir_baron55 · wall_segment Palisade Wall x1 |
| 18:14 | •KДЯŦΣЯ•Σ§3• · age_up castle |
| 18:35 | PositivePessimist · first_building Castle |
| 19:28 | •KДЯŦΣЯ•Σ§3• · first_building Siege Workshop |
| 19:28 | PositivePessimist · first_market_buy 100 food |
| 20:14 | ¿¿ · age_up castle |
| 20:19 | Perunatykki · first_market_buy 100 stone |
| 20:22 | twitch.tv/sir_baron55 · first_market_buy 100 food |
| 21:01 | audi_225 · age_up castle |
| 21:15 | •KДЯŦΣЯ•Σ§3• · first_building Monastery |
| 21:27 | ¿¿ · first_building Monastery |
| 21:39 | twitch.tv/sir_baron55 · first_building Stable |
| 22:29 | Perunatykki · wall_segment Palisade Wall x7 |
| 22:38 | audi_225 · first_market_sell 100 wood |
| 22:39 | Meesh · age_up castle |
| 23:03 | twitch.tv/sir_baron55 · age_up castle |
| 23:05 | PositivePessimist · first_building Barracks |
| 23:21 | •KДЯŦΣЯ•Σ§3• · wall_segment Palisade Wall x1 |
| 23:22 | •KДЯŦΣЯ•Σ§3• · wall_segment Palisade Wall x1 |
| 23:36 | German3333 · age_up castle |
| 23:47 | Meesh · first_market_sell 100 wood |
| 23:50 | •KДЯŦΣЯ•Σ§3• · wall_segment Palisade Wall x1 |
| 23:50 | Meesh · first_market_buy 100 food |
| 23:52 | Perunatykki · wall_segment Palisade Wall x1 |
| 23:53 | Perunatykki · wall_segment Palisade Wall x1 |
| 23:54 | Perunatykki · wall_segment Palisade Wall x1 |
| 23:54 | Perunatykki · wall_segment Palisade Wall x1 |
| 24:07 | Perunatykki · wall_segment Palisade Wall x4 |
| 24:09 | Perunatykki · wall_segment Palisade Wall x1 |
| 24:09 | Perunatykki · wall_segment Palisade Wall x1 |
| 24:10 | Perunatykki · wall_segment Palisade Wall x1 |
| 24:38 | audi_225 · first_market_buy 100 food |
| 24:54 | Perunatykki · wall_segment Palisade Wall x1 |
| 24:55 | Perunatykki · wall_segment Palisade Wall x1 |
| 24:55 | Perunatykki · wall_segment Palisade Wall x1 |
| 24:59 | Perunatykki · wall_segment Palisade Wall x1 |
| 25:14 | •KДЯŦΣЯ•Σ§3• · wall_segment Palisade Wall x1 |
| 25:16 | •KДЯŦΣЯ•Σ§3• · wall_segment Palisade Wall x1 |
| 25:20 | Perunatykki · first_building Stable |
| 25:43 | Perunatykki · wall_segment Palisade Wall x1 |
| 26:00 | Perunatykki · wall_segment Palisade Wall x1 |
| 26:16 | •KДЯŦΣЯ•Σ§3• · wall_segment Palisade Wall x1 |
| 26:18 | •KДЯŦΣЯ•Σ§3• · wall_segment Palisade Wall x1 |
| 26:20 | •KДЯŦΣЯ•Σ§3• · wall_segment Palisade Wall x1 |
| 27:01 | •KДЯŦΣЯ•Σ§3• · wall_segment Palisade Wall x1 |
| 27:03 | •KДЯŦΣЯ•Σ§3• · wall_segment Palisade Wall x1 |
| 27:34 | twitch.tv/sir_baron55 · first_building Siege Workshop |
| 27:44 | •KДЯŦΣЯ•Σ§3• · first_building Castle |
| 27:58 | twitch.tv/sir_baron55 · first_market_sell 500 food |
| 27:58 | Meesh · first_building Siege Workshop |
| 29:01 | audi_225 · first_building Monastery |
| 30:16 | ¿¿ · first_building Castle |
| 30:28 | Perunatykki · first_market_sell 100 wood |
| 31:04 | Meesh · first_building Monastery |
| 33:06 | audi_225 · first_building Castle |
| 33:26 | audi_225 · age_up imperial |
| 34:01 | PositivePessimist · age_up imperial |
| 34:14 | twitch.tv/sir_baron55 · first_building Castle |
| 34:18 | German3333 · first_building Castle |
| 34:42 | German3333 · first_building Siege Workshop |
| 34:55 | twitch.tv/sir_baron55 · wall_segment Stone Wall x1 |
| 38:31 | German3333 · age_up imperial |
| 38:33 | twitch.tv/sir_baron55 · age_up imperial |
| 39:13 | Meesh · age_up imperial |
| 39:25 | •KДЯŦΣЯ•Σ§3• · age_up imperial |
| 39:58 | German3333 · first_market_sell 500 food |
| 40:08 | ¿¿ · age_up imperial |
| 40:15 | •KДЯŦΣЯ•Σ§3• · first_market_sell 100 food |
| 41:13 | •KДЯŦΣЯ•Σ§3• · first_building Barracks |
| 41:25 | Perunatykki · first_building Castle |
| 41:45 | •KДЯŦΣЯ•Σ§3• · tribute_sent a jugador 1 |
| 41:45 | •KДЯŦΣЯ•Σ§3• · tribute_sent a jugador 2 |
| 41:45 | •KДЯŦΣЯ•Σ§3• · tribute_sent a jugador 4 |
| 41:45 | •KДЯŦΣЯ•Σ§3• · tribute_sent a jugador 5 |
| 41:45 | •KДЯŦΣЯ•Σ§3• · tribute_sent a jugador 6 |
| 41:45 | •KДЯŦΣЯ•Σ§3• · tribute_sent a jugador 7 |
| 41:45 | •KДЯŦΣЯ•Σ§3• · tribute_sent a jugador 8 |
| 42:07 | Meesh · tribute_sent a jugador 1 |
| 42:07 | Meesh · tribute_sent a jugador 2 |
| 42:07 | Meesh · tribute_sent a jugador 3 |
| 42:07 | Meesh · tribute_sent a jugador 5 |
| 42:07 | Meesh · tribute_sent a jugador 6 |
| 42:07 | Meesh · tribute_sent a jugador 7 |
| 42:07 | Meesh · tribute_sent a jugador 8 |
| 42:48 | PositivePessimist · first_building Archery Range |
| 44:44 | ¿¿ · first_market_sell 100 stone |
| 44:46 | ¿¿ · first_market_buy 100 food |
| 44:52 | PositivePessimist · first_building Siege Workshop |
| 45:39 | Perunatykki · first_building Siege Workshop |
| 46:40 | Perunatykki · age_up imperial |
| 46:41 | Meesh · first_building Castle |
| 51:36 | twitch.tv/sir_baron55 · resign |
[ AI ANALYSIS · 1 CREDIT ]
What really happened in this match?
Wolo.gg analyzes every decision: build order, eco, micro, common mistakes by bracket. Personalized analysis on WhatsApp or Discord in 30 seconds.
Civ guide
Persians
Perfil
Jugador #23832478